 Dungeon Sprint DCSS version 0.21-a0-265-gb353147 (webtiles) character file.

1753 Kidiri the Thaumaturge (level 8, 0/48 HPs)
             Began as a Deep Elf Fire Elementalist on Sept 12, 2017.
             Was a High Priest of Vehumet.
             Slain by a death cob (24 damage)
             ... in the Dungeon (Sprint VII: "The Pits").
             The game lasted 00:06:50 (961 turns).

Kidiri the Thaumaturge (Deep Elf Fire Elementalist)  Turns: 961, Time: 00:06:51

Health: 0/48       AC:  5    Str:  5    XL:     8   Next: 78%
Magic:  20/28      EV: 20    Int: 23    God:    Vehumet [*****.]
Gold:   0          SH:  0    Dex: 15    Spells: 10/35 levels left

rFire    . . .     SeeInvis .   k - +1 dagger (venom)
rCold    . . .     Gourm    .   (no shield)
rNeg     . . .     Faith    .   a - +0 robe
rPois    .         Spirit   .   (no helmet)
rElec    .         Reflect  .   (no cloak)
rCorr    .         Harm     .   (no gloves)
MR       .....     NoTele   +   (no boots)
Stlth    ++........             (no amulet)
HPRegen  0.16/turn              s - +3 ring of evasion
MPRegen  0.21/turn              t - +3 ring of protection

@: slowed, very slow
A: no striking features
a: Renounce Religion


You were in the Dungeon.
You worshipped Vehumet.
Vehumet was extremely pleased with you.
You were not hungry.

You visited 1 branch

Inventory:

Hand Weapons
 k - a +1 dagger of venom (weapon)
 v - a +2 rapier of distortion
Armour
 a - a +0 robe (worn)
Jewellery
 s - a +3 ring of evasion (left hand)
 t - a +3 ring of protection (right hand)
Wands
 j - a wand of random effects (27/48)
Scrolls
 i - a scroll of blinking
 m - 3 scrolls of remove curse
 n - 5 scrolls of amnesia
 o - a scroll of summoning
Potions
 d - 10 potions of curing
 e - 10 potions of heal wounds
 f - a potion of haste
 g - 3 potions of magic
 h - 4 potions of berserk rage
 l - 2 potions of invisibility
 u - 2 potions of brilliance
Books
 b - a book of Flames

   Spells                             Type                      Level
   a - Flame Tongue                   Conjuration/Fire             1
   b - Throw Flame                    Conjuration/Fire             2
   c - Conjure Flame                  Conjuration/Fire             3
   d - Inner Flame                    Hexes/Fire                   3
   e - Sticky Flame                   Conjuration/Fire             4
   f - Fireball                       Conjuration/Fire             5
Comestibles
 c - 8 bread rations
 p - 40 fruits
 q - 7 meat rations


   Skills:
 + Level 4.6 Fighting
 + Level 5.6 Short Blades
 + Level 4.6 Armour
 + Level 7.3 Dodging
 - Level 2.4 Stealth
 * Level 14.0 Spellcasting
 + Level 8.6 Conjurations
 + Level 9.2 Fire Magic
 + Level 2.7 Air Magic
 + Level 3.0 Poison Magic


You had 10 spell levels left.
You knew the following spells:

 Your Spells              Type           Power        Failure   Level  Hunger
a - Flame Tongue          Conj/Fire      #####        1%          1    None
b - Throw Flame           Conj/Fire      ######       1%          2    None
c - Conjure Flame         Conj/Fire      ######..     1%          3    None
d - Inner Flame           Hex/Fire       #####...     1%          3    None
e - Sticky Flame          Conj/Fire      ######..     1%          4    None
f - Fireball              Conj/Fire      ######....   1%          5    ###....
g - Mephitic Cloud        Conj/Pois/Air  #####...     1%          3    None
h - Airstrike             Air            ####......   3%          4    None


Dungeon Overview and Level Annotations

Branches:
Dungeon (1/1)

Altars:
Ashenzari
Cheibriados
Dithmenos
Elyvilon
Fedhas
Gozag
Hepliaklqana
Kikubaaqudgha
Makhleb
Nemelex Xobeh
Okawaru
Qazlal
Ru
Sif Muna
Trog
Uskayaw
Vehumet
Wu Jian
Xom
Yredelemnul
Zin
The Shining One
Beogh
Jiyva
Lugonu


Message History

Casting: Sticky Flame
Confirm with . or Enter, or press ? or * to list all spells.
Aiming: Flame Tongue
Press: ? - help, Shift-Dir - straight line, f/p - death cob
Aim: a death cob (lightly damaged, covered in liquid flames)
The flame tongue hits the death cob.
The death cob is lightly damaged.
The death cob burns!
The death cob closely misses you. The death cob hits you!!
The death cob misses you.
Casting: Flame Tongue
Confirm with . or Enter, or press ? or * to list all spells.
Aiming: Flame Tongue
Press: ? - help, Shift-Dir - straight line, f/p - death cob
Aim: a death cob (lightly damaged, covered in liquid flames)
The flame tongue hits the death cob.
The death cob appears unharmed.
The death cob is lightly damaged.
The death cob burns!
The death cob hits you. The death cob drains your vigour!
You feel yourself slow down. The death cob hits you!!
Ouch! That really hurt!
You die...

____.# ____.#
__...###########++######
####+##................#
)))+.##......#..#......#
####.##................+
......+................+
#+#####......#..#......#
.)#..##.........@......#
..+..#####+#####z§######
###+###.......##''#
.....##.......##.r.
.....##.......##....
#+#####...<...##.....
)))[.##.......##...###
)))[.##.......##..##
#######.......#


You could see a death cob (burning) and a rat.

Vanquished Creatures
  Pikel (D)
  A wind drake (D)
  A bog body (D)
  A hippogriff (D)
  A flying skull (D)
  Edmund (D)
  A porcupine (D)
  2 black bears (D)
  2 slaves (D)
  A phantom (D)
  Blork the orc (D)
  2 orc priests (D)
  A worker ant (D)
  2 river rats (D)
  An adder (D)
  A white imp (D)
  An ooze (D)
  2 leopard geckos (D)
  5 orcs (D)
  A goblin (D)
  A hobgoblin (D)
  A bat (D)
31 creatures vanquished.

Vanquished Creatures (others)
  2 slaves (D)
  An orc (D)
3 creatures vanquished.

Grand Total: 34 creatures vanquished

Notes
Turn   | Place    | Note
-------+----------+-------------------------------------------
     0 | D        | Kidiri the Deep Elf Fire Elementalist began the quest for the Orb.
     0 | D        | Reached XP level 1. HP: 10/10 MP: 6/6
    54 | D        | Found a bloodstained altar of Trog.
    54 | D        | Found a deep blue altar of Sif Muna.
    54 | D        | Found a viscous altar of Jiyva.
    54 | D        | Found a hazy altar of Hepliaklqana.
    54 | D        | Found an opulent altar of Gozag.
    55 | D        | Found a glowing golden altar of the Shining One.
    55 | D        | Found a glowing silver altar of Zin.
    55 | D        | Found a basalt altar of Yredelemnul.
    55 | D        | Found a shimmering altar of Xom.
    55 | D        | Found an ornate altar of the Wu Jian Council.
    55 | D        | Found a sacrificial altar of Ru.
    55 | D        | Found a stormy altar of Qazlal.
    55 | D        | Found an iron altar of Okawaru.
    55 | D        | Found a sparkling altar of Nemelex Xobeh.
    55 | D        | Found a burning altar of Makhleb.
    55 | D        | Found a blossoming altar of Fedhas.
    55 | D        | Found a white marble altar of Elyvilon.
    55 | D        | Found a shadowy altar of Dithmenos.
    55 | D        | Found a snail-covered altar of Cheibriados.
    57 | D        | Found a radiant altar of Vehumet.
    57 | D        | Found a corrupted altar of Lugonu.
    57 | D        | Found a roughly hewn altar of Beogh.
    58 | D        | Found a hide-covered altar of Uskayaw.
    58 | D        | Found an ancient bone altar of Kikubaaqudgha.
    58 | D        | Found a shattered altar of Ashenzari.
    67 | D        | Became a worshipper of Vehumet
   106 | D        | Noticed a worker ant
   108 | D        | Reached skill level 5 in Spellcasting
   108 | D        | Reached XP level 2. HP: 9/15 MP: 6/10
   113 | D        | Reached * piety under Vehumet
   113 | D        | Offered knowledge of Magic Dart by Vehumet.
   113 | D        | Reached skill level 6 in Spellcasting
   113 | D        | Reached XP level 3. HP: 12/19 MP: 1/13
   117 | D        | Learned a level 2 spell: Throw Flame
   121 | D        | Learned a level 3 spell: Conjure Flame
   125 | D        | Learned a level 3 spell: Inner Flame
   242 | D        | Noticed Edmund
   249 | D        | Killed Edmund
   249 | D        | Reached ** piety under Vehumet
   249 | D        | Reached skill level 10 in Spellcasting
   249 | D        | Reached skill level 5 in Conjurations
   249 | D        | Reached XP level 4. HP: 24/24 MP: 6/18
   249 | D        | Reached XP level 5. HP: 28/28 MP: 6/19
   255 | D        | Learned a level 4 spell: Sticky Flame
   261 | D        | Learned a level 5 spell: Fireball
   337 | D        | Noticed a slave
   337 | D        | Noticed a black bear
   338 | D        | Noticed a slave
   338 | D        | Noticed a porcupine
   342 | D        | Noticed Pikel
   343 | D        | Noticed a flying skull
   344 | D        | Noticed a slave
   354 | D        | Noticed a slave
   354 | D        | Killed a slave
   354 | D        | Offered knowledge of Shock by Vehumet.
   354 | D        | Reached *** piety under Vehumet
   354 | D        | Killed a black bear
   354 | D        | Reached skill level 1 in Fighting
   354 | D        | Reached skill level 1 in Armour
   354 | D        | Killed a slave
   354 | D        | Killed a flying skull
   354 | D        | Reached skill level 11 in Spellcasting
   354 | D        | Reached XP level 6. HP: 23/36 MP: 19/22
   358 | D        | Reached **** piety under Vehumet
   358 | D        | Killed Pikel
   358 | D        | Reached skill level 12 in Spellcasting
   358 | D        | Reached XP level 7. HP: 22/42 MP: 16/25
   381 | D        | Reached ***** piety under Vehumet
   656 | D        | Offered knowledge of Mephitic Cloud by Vehumet.
   656 | D        | Reached skill level 13 in Spellcasting
   670 | D        | Learned a level 3 spell: Mephitic Cloud
   679 | D        | Noticed a hippogriff
   682 | D        | Killed a hippogriff
   682 | D        | Offered knowledge of Airstrike by Vehumet.
   682 | D        | Reached skill level 5 in Short Blades
   682 | D        | Reached skill level 1 in Air Magic
   682 | D        | Reached skill level 1 in Poison Magic
   682 | D        | Reached XP level 8. HP: 46/48 MP: 24/27
   691 | D        | Noticed Blork the orc
   696 | D        | Killed Blork the orc
   763 | D        | Noticed a wind drake
   763 | D        | Noticed a bog body
   770 | D        | Killed a wind drake
   776 | D        | Killed a bog body
   776 | D        | Reached skill level 14 in Spellcasting
   843 | D        | Learned a level 4 spell: Airstrike
   957 | D        | Noticed a death cob
   961 | D        | Slain by a death cob

Vault maps used:
D:        pitsprint

Skill      XL: |  1  2  3  4  5  6  7  8 |
---------------+-------------------------+-----
Spellcasting   | 5 6 10 11 12 13 14 | 14.0
Conjurations   | 2 3 5 6 7 8 |  8.6
Fire Magic     | 4 6 7 8 9 |  9.2
Fighting       | 2 3 4 |  4.6
Short Blades   | 3 4 5 |  5.6
Armour         | 2 3 4 |  4.6
Dodging        | 4 6 7 |  7.3
Air Magic      | 1 2 |  2.7
Poison Magic   | 1 3 |  3.0
Stealth        | |  2.4

Action                   |  1- 3 |  4- 6 |  7- 9 || total
-------------------------+-------+-------+-------++-------
Melee: Dagger            |     2 |     1 |    17 ||    20
 Cast: Flame Tongue      |     9 |    10 |    16 ||    35
       Inner Flame       |     2 |     6 |     1 ||     9
       Conjure Flame     |     1 |     1 |     4 ||     6
       Sticky Flame      |       |       |     9 ||     9
       Fireball          |       |       |     1 ||     1
  Use: Potion            |       |     1 |       ||     1
 Stab: Sleeping          |     2 |       |     1 ||     3
Dodge: Dodged            |     5 |     1 |    25 ||    31

Table legend:
 A = Spawn XP
 B = Non-spawn XP
 C = Spawn XP percentage of total XP
 D = Spawn monster count
 E = Non-spawn monster count
 F = Spawn count percentage of total count
 G = Total turns spent on level
                    A         B        C        D         E        F      G
               +---------+---------+-------+---------+---------+-------+---------
         Total |       0 |    2505 |   0.0 |       0 |      29 |   0.0 |   961
               +---------+---------+-------+---------+---------+-------+---------
             D |       0 |    2505 |   0.0 |       0 |      29 |   0.0 |   961
               +---------+---------+-------+---------+---------+-------+---------
